 Dungeon Crawl Stone Soup version 0.31-a0-204-g7da18cac08 (webtiles) character file.

Game seed: 2799257385178359301

36974 DavidChitty2 the Severer (level 13, -1/119 HPs)
             Began as a Minotaur Fighter on June 22, 2023.
             Was an Elder of Okawaru.
             Slain by a bone dragon (11 damage)
             ... on level 1 of the Abyss on June 27, 2023.
             The game lasted 00:19:09 (15297 turns).

DavidChitty2 the Severer (Minotaur Fighter)        Turns: 15297, Time: 00:19:10

Health: -1/119     AC: 14    Str: 20 (21) XL:     13   Next: 55%
Magic:  14/14      EV:  6    Int:  4 (6)  God:    Okawaru [****..]
Gold:   673        SH: 12    Dex: 13 (14) Spells: 12/12 levels left

rFire   + + .        a - +2 broad axe (vamp)
rCold   . . .        B - +0 kite shield
rNeg    . . .        H - +0 plate armour
rPois   +            r - +0 hat {Stlth+}
rElec   +            (no cloak)
rCorr   .            K - +0 pair of gloves
SInv    .            m - +1 pair of boots
Will    .....        e - amulet of regeneration Stlth
                     G - ring of Irothred {rElec rF++ Int+6 Dex+4}
HPRegen 1.19/turn    Q - ring of poison resistance
MPRegen 0.14/turn

%: no passive effects
@: unable to drink
A: horns 2, retaliatory headbutt, agile 1, [clumsy 2], [deformed body],
[deterioration 2], [dopey 2], [low MP 2], [screaming 2], [weak 2], [no potion
heal 2], [inability to drink after injury 2]
a: Renounce Religion, Heroism, Finesse


You were on level 1 of the Abyss.
You worshipped Okawaru.
Okawaru was greatly pleased with you.
You visited 3 branches of the dungeon, and saw 16 of its levels.
You visited the Abyss 1 time.

You collected 1113 gold pieces.
You spent 440 gold pieces at shops.

Inventory:

Hand Weapons
 a - a +2 vampiric broad axe (weapon)
   (Okawaru gifted it to you on level 12 of the Dungeon)
 b - a +3 flail of draining
   (You took it off a gnoll on level 7 of the Dungeon)
 M - the +8 war axe "Killer Klown's Death" {spect, rF+ rC+ Str-3}
   (You found it on level 1 of the Lair of Beasts)

   Str:       It affects your strength (-3).
   rF:        It protects you from fire.
   rC:        It protects you from cold.
Missiles
 C - a throwing net {!f}
Armour
 m - a +1 pair of boots (worn)
   (You found it on level 2 of the Dungeon)
 r - a +0 hat of stealth (worn)
   (You found it on level 6 of the Dungeon)
 B - a +0 kite shield (worn)
   (You took it off a gnoll sergeant on level 9 of the Dungeon)
 H - a +0 plate armour (worn)
   (You took it off an orc warrior on level 8 of the Dungeon)
 K - a +0 pair of gloves (worn)
   (You found it on level 1 of the Lair of Beasts)
Jewellery
 e - an amulet of regeneration (around neck)
   (You found it on level 3 of the Lair of Beasts)
 f - a +4 ring of protection
   (You found it on level 5 of the Dungeon)
 i - a ring of fire
   (You found it on level 5 of the Dungeon)
 n - a ring of ice
   (You found it on level 11 of the Dungeon)
 s - a +5 ring of evasion
   (You found it on level 4 of the Dungeon)
 G - the ring of Irothred (left hand) {rElec rF++ Int+6 Dex+4}
   (You found it on level 12 of the Dungeon)

   [ring of intelligence]

   Int:       It affects your intelligence (+6).
   Dex:       It affects your dexterity (+4).
   rF:        It greatly protects you from fire.
   rElec:     It insulates you from electricity.
 L - a ring of resist corrosion
   (You found it on level 1 of the Lair of Beasts)
 O - a +5 ring of evasion
   (You found it on level 2 of the Lair of Beasts)
 Q - a ring of poison resistance (right hand)
   (You found it on level 12 of the Dungeon)
Wands
 t - a wand of flame (38)
   (You found it on level 9 of the Dungeon)
 x - a wand of acid (4)
   (You found it on level 11 of the Dungeon)
Scrolls
 o - 2 scrolls of enchant armour
 v - 2 scrolls of teleportation {@r4}
 w - 6 scrolls of blinking
 y - 2 scrolls of revelation
 z - 2 scrolls of fog
 A - 2 scrolls of identify {@r1}
 D - a scroll of brand weapon
 E - a scroll of poison {!r}
 I - a scroll of fear
 J - a scroll of enchant weapon
 P - a scroll of torment {unknown}
Potions
 c - a potion of cancellation
 d - 4 potions of might
 g - 2 potions of ambrosia
 h - 5 potions of magic
 j - 2 potions of enlightenment
 k - 6 potions of curing {@q1}
 l - 2 potions of haste {@q3}
 p - 3 potions of heal wounds {@q2}
 q - 4 potions of attraction {!q}
 u - 2 potions of berserk rage
 F - 3 potions of resistance
 N - 3 potions of lignification {!q}


   Skills:
 + Level 12.4 Fighting
 * Level 16.6 Axes
 + Level 12.4 Armour
 + Level 12.1 Shields
 + Level 8.7 Invocations


You had 12 spell levels left.
You didn't know any spells.
Your spell library contained the following spells:

 Spells                   Type           Power      Damage    Failure   Level
 Apportation              Tloc           0%         N/A       100%        1
 Necrotise                Necr           0%         1d4       100%        1
 Shock                    Conj/Air       0%         1d3       100%        1
 Sting                    Tmut/Pois      0%         1d3       100%        1
 Cigotuvi's Dreadful Rot  Necr/Pois/Air  0%         N/A       100%        2
 Ensorcelled Hibernation  Hex/Ice        0%         N/A       100%        2
 Lesser Beckoning         Tloc           0%         N/A       100%        2
 Poisonous Vapours        Pois/Air       0%         N/A       100%        2
 Gell's Gravitas          Tloc           0%         N/A       100%        3
 Ignite Poison            Fire/Tmut/Pois 0%         N/A       100%        3
 Inner Flame              Hex/Fire       0%         N/A       100%        3
 Spider Form              Tmut/Pois      0%         N/A       100%        3
 Swiftness                Air            0%         N/A       100%        3
 Teleport Other           Tloc           0%         N/A       100%        3
 Vampiric Draining        Necr           0%         2d6       100%        3
 Vhi's Electric Charge    Tloc/Air       0%         N/A       100%        3
 Airstrike                Air            0%         2d(0-16)  100%        4
 Anguish                  Hex/Necr       0%         N/A       100%        4
 Olgreb's Toxic Radiance  Pois           0%         N/A       100%        4
 Agony                    Necr           0%         N/A       100%        5
 Alistair's Intoxication  Tmut/Pois      0%         N/A       100%        5
 Arcjolt                  Conj/Air       0%         1d10      100%        5
 Freezing Cloud           Conj/Ice/Air   0%         6-21      100%        5
 Yara's Violent Unravell  Hex/Tmut       0%         3d3       100%        5
 Conjure Ball Lightning   Conj/Air       0%         3x3d6     100%        6
 Plasma Beam              Fire/Air       0%         2x1d10    100%        6
 Enfeeble                 Hex            0%         N/A       100%        7
 Borgnjor's Revivificati  Necr           0%         N/A       100%        8
 Necromutation            Tmut/Necr      0%         N/A       100%        8
 Death's Door             Necr           0%         N/A       100%        9
 Call Canine Familiar     Summ           Unusable   N/A       N/A         3

Dungeon Overview and Level Annotations

Branches:
Dungeon (12/15)            Temple (1/1) D:5            Lair (3/5) D:10
 Shoals (0/4) Lair:2       Spider (0/4) Lair:2          Orc (0/2) D:11

Altars:
Ashenzari
Cheibriados
Dithmenos
Elyvilon
Fedhas
Gozag
Hepliaklqana
Kikubaaqudgha
Makhleb
Nemelex Xobeh
Okawaru
Qazlal
Ru
Sif Muna
Trog
Uskayaw
Vehumet
Wu Jian
Xom
Yredelemnul
Zin
The Shining One

Shops:
D:6 :   D:9 **!   D:12 =

Annotations:
D:6 2 transporters
Lair:1 exclusion: oklob plant
Lair:3 Sonja


Innate Abilities, Weirdness & Mutations

You have a pair of horns on your head.
You reflexively headbutt those who attack you in melee.
You are agile. (Dex +4, Str/Int -1)
[You are very clumsy. (Dex -4)]
[Armour fits poorly on your strangely shaped body.]
[Your body often deteriorates upon taking damage.]
[You are very dopey. (Int -4)]
[Your magical capacity is very low. (-20% MP)]
[You frequently scream uncontrollably at your foes.]
[You are very weak. (Str -4)]
[Potions cannot restore your health.]
[You sometimes lose the ability to drink potions when taking damage.]


Message History

You are too injured to fight recklessly!
You are too injured to fight recklessly!
You are too injured to fight recklessly!
You are too injured to fight recklessly!
You are too injured to fight recklessly!
You are too injured to fight recklessly!
You are too injured to fight recklessly!
You are too injured to fight recklessly!
You are too injured to fight recklessly!
You are too injured to fight recklessly!
You are too injured to fight recklessly!
You are too injured to fight recklessly!
You are too injured to fight recklessly!
You are too injured to fight recklessly!
You are too injured to fight recklessly!
You are too injured to fight recklessly!
You are too injured to fight recklessly!
You are too injured to fight recklessly!
You are too injured to fight recklessly!
You are too injured to fight recklessly!
You are too injured to fight recklessly!
You are too injured to fight recklessly!
You are too injured to fight recklessly!
You are too injured to fight recklessly!
You cannot drink potions in your current state!
The wretched star pulses with an eldritch light!
You feel less energetic. x2
Unknown command.
You barely miss the bone dragon.
You headbutt the bone dragon, but do no damage.
You block the bone dragon's attack.
The bone dragon claws you but does no damage.
The bone dragon tramples you but does no damage.
You barely miss the bone dragon. The bone dragon bites you.
* * * LOW HITPOINT WARNING * * *
You block the bone dragon's attack.
The bone dragon tramples you but does no damage.
You slash the bone dragon! Your headbutt misses the bone dragon.
The bone dragon bites you!
* * * LOW HITPOINT WARNING * * *
Your body deteriorates!
You feel weakened. The bone dragon claws you!
* * * LOW HITPOINT WARNING * * *
Your body deteriorates!
You feel dopey. The bone dragon tramples you.
* * * LOW HITPOINT WARNING * * *
You hold your ground!
You slash the bone dragon! Your headbutt misses the bone dragon.
The bone dragon bites you!
You die...

#5. ... ... ..
#. .. .. . ...
###.. #.#... #
## ..# ...
...... ..
#...#.##.# #.#
......
......*#.#...#.#
. #D@.........#
#.##...#.#.# ##
.##.....#
#.#......#..#
#.#....... ...
.†## .# # ...#
.####. #.# ###.
#.# ..# # .. #.


You could see a bone dragon and a wretched star.

Vanquished Creatures
  Rupert (Lair:3)
  Nessos (Arena)
  The ghost of bmj180 the Frost Mage, a journeyman MfIE of Ashenzari (Arena)
  Harold (D:10)
  A rakshasa (D:10)
  2 boulder beetles
  2 hydras (D:10)
  Erica (D:10)
  7 two-headed ogres
  Nergalle (D:12)
  A skyshark (Lair:3)
  A deep elf pyromancer (D:12)
  An ugly thing (D:10)
  2 manticores
  A cyclops (D:12)
  A black mamba (Lair:1)
  7 cane toads
  6 komodo dragons
  A rime drake (Lair:1)
  An unseen horror (D:12)
  5 trolls
  2 polar bears (Lair:2)
  2 hornets (D:9)
  5 blink frogs (Lair:3)
  A raiju (Abyss:1)
  3 slime creatures (D:12)
  A small abomination (Abyss:1)
  2 vampires
  2 shadows
  37 yaks
  3 wyverns
  Grum (D:10)
  4 basilisks
  5 humans (D:7)
  3 vampire mosquitoes (D:12)
  Eustachio (D:5)
  2 steam dragons (D:7)
  3 neqoxecs (D:12)
  3 acid dragons
  4 water moccasins
  Duvessa (D:5)
  2 black bears
  A swamp drake (D:10)
  2 orc warriors
  3 ice beasts
  3 ogres
  5 centaurs
  14 wolves
  A phantom (D:5)
  5 kobold brigands
  7 bullfrogs
  2 gnoll sergeants
  2 scorpions
  4 wights (D:6)
  Dowan (D:5)
  4 killer bees (D:9)
  An electric eel (Lair:2)
  6 howler monkeys
  3 quasits (D:12)
  4 hounds
  An iron imp (Abyss:1)
  4 orc priests
  8 jellies (Lair:1)
  3 iguanas
  12 orc wizards
  11 gnolls
  7 adders
  A shadow imp (D:8)
  5 white imps
  5 worms
  2 dart slugs
  29 orcs
  24 endoplasms
  10 goblins
  6 hobgoblins
  22 kobolds
  A quokka (D:4)
  5 ball pythons
  5 bats
  2 frilled lizards (D:2)
  8 rats
371 creatures vanquished.

Vanquished Creatures (others)
  A spectral weapon (D:10)
1 creature vanquished.

Grand Total: 372 creatures vanquished

Notes
Turn   | Place    | Note
-------+----------+-------------------------------------------
     0 | D:1      | DavidChitty2 the Minotaur Fighter began the quest for the
                  | Orb.
     0 | D:1      | Reached XP level 1. HP: 19/19 MP: 0/0
   144 | D:1      | Reached XP level 2. HP: 27/27 MP: 1/1
   249 | D:1      | Reached skill level 3 in Axes
   530 | D:2      | Reached XP level 3. HP: 29/33 MP: 2/2
  1190 | D:3      | Found a blossoming altar of Fedhas.
  1232 | D:3      | Reached skill level 4 in Axes
  1232 | D:3      | Reached XP level 4. HP: 40/40 MP: 3/3
  1616 | D:3      | Found a faded altar of an unknown god.
  1620 | D:3      | Found an ornate altar of the Wu Jian Council.
  2308 | D:4      | Found a shimmering blue altar of Sif Muna.
  2328 | D:4      | Reached XP level 5. HP: 20/47 MP: 4/4
  2468 | D:4      | Noticed an ogre
  2473 | D:4      | Killed an ogre
  2474 | D:4      | Reached skill level 5 in Axes
  2481 | D:4      | Reached XP level 6. HP: 52/55 MP: 5/5
  2511 | D:4      | Found a bloodstained altar of Trog.
  2840 | D:5      | Entered Level 5 of the Dungeon
  2890 | D:5      | Noticed Eustachio
  2911 | D:5      | Killed Eustachio
  2912 | D:5      | Reached skill level 5 in Fighting
  2912 | D:5      | Reached skill level 5 in Armour
  2912 | D:5      | Reached skill level 5 in Shields
  3002 | D:5      | Found a stormy altar of Qazlal.
  3012 | D:5      | Reached skill level 6 in Axes
  3212 | D:5      | Noticed Dowan
  3212 | D:5      | Noticed Duvessa
  3222 | D:5      | Reached XP level 7. HP: 56/61 MP: 6/6
  3226 | D:5      | Killed Duvessa
  3231 | D:5      | Killed Dowan
  3566 | D:5      | Reached skill level 7 in Axes
  3603 | D:5      | Found a staircase to the Ecumenical Temple.
  3623 | Temple   | Entered the Ecumenical Temple
  4383 | D:6      | Found Ucaf's Self-Improvement Boutique.
  4395 | D:6      | Reached XP level 8. HP: 70/70 MP: 7/7
  4456 | D:6      | Found a glowing silver altar of Zin.
  4475 | D:6      | Noticed a troll
  4479 | D:6      | Found a transporter.
  4499 | D:6      | Found an iron altar of Okawaru.
  4528 | D:6      | Became a worshipper of Warmaster Okawaru
  4668 | D:6      | Found a sacrificial altar of Ru.
  4670 | D:6      | Found an opulent altar of Gozag.
  4673 | D:6      | Reached skill level 8 in Axes
  4673 | D:6      | Found a hazy altar of Hepliaklqana.
  4698 | D:6      | Reached skill level 1 in Invocations
  4752 | D:6      | Reached * piety under Okawaru
  4786 | D:6      | Found a basalt altar of Yredelemnul.
  4786 | D:6      | Found a transporter.
  4981 | D:7      | Reached skill level 9 in Axes
  4981 | D:7      | Reached XP level 9. HP: 74/79 MP: 9/9
  4989 | D:7      | Reached ** piety under Okawaru
  5305 | D:7      | Reached skill level 10 in Axes
  5760 | D:7      | Found a snail-covered altar of Cheibriados.
  5879 | D:8      | Identified the +1 dagger of the Riding Fool {flame, rElec
                  | rPois rC- Dex+7}
  6272 | D:9      | Noticed a two-headed ogre
  6281 | D:9      | Killed a two-headed ogre
  6281 | D:9      | Reached *** piety under Okawaru
  6282 | D:9      | Reached XP level 10. HP: 60/89 MP: 10/12
  6435 | D:9      | Found Gecisso's General Store.
  6523 | D:9      | Reached skill level 11 in Axes
  6617 | D:9      | Paralysed by a hornet for 1 turns
  6620 | D:9      | Reached **** piety under Okawaru
  6721 | D:9      | Noticed a two-headed ogre
  6726 | D:9      | Killed a two-headed ogre
  6753 | D:9      | Upgraded the game from 0.31-a0-187-gba352fbbf7 to
                  | 0.31-a0-204-g7da18cac08
  6966 | D:9      | Found Zuyptuos's Assorted Antiques.
  6995 | D:9      | Bought 2 potions of heal wounds for 310 gold pieces
  7057 | D:9      | Reached skill level 5 in Invocations
  7197 | D:9      | Found Mafuriedgh's Distillery.
  7200 | D:9      | Bought 2 potions of heal wounds for 130 gold pieces
  7284 | D:9      | Found a burning altar of Makhleb.
  7289 | D:9      | Reached skill level 12 in Axes
  7353 | D:10     | Entered Level 10 of the Dungeon
  7419 | D:10     | Noticed Harold
  7427 | D:10     | Killed Harold
  7427 | D:10     | Noticed a two-headed ogre
  7432 | D:10     | Killed a two-headed ogre
  7433 | D:10     | Reached XP level 11. HP: 97/97 MP: 6/14
  7490 | D:10     | Noticed a four-headed hydra
  7492 | D:10     | Noticed a rakshasa
  7502 | D:10     | Killed a four-headed hydra
  7511 | D:10     | Killed a rakshasa
  7923 | D:10     | Reached ***** piety under Okawaru
  8008 | D:10     | Noticed Grum
  8026 | D:10     | Killed Grum
  8243 | D:10     | Noticed a boulder beetle
  8245 | D:10     | Noticed a six-headed hydra
  8245 | D:10     | Noticed a brown ugly thing
  8256 | D:10     | Noticed a two-headed ogre
  8273 | D:10     | Killed a six-headed hydra
  8274 | D:10     | Reached skill level 13 in Axes
  8286 | D:10     | Reached skill level 10 in Fighting
  8349 | D:10     | Reached skill level 10 in Armour
  8669 | D:10     | Noticed Erica
  8676 | D:10     | Killed Erica
  8888 | D:10     | Found a staircase to the Lair.
  8964 | D:10     | Reached skill level 10 in Shields
  9035 | D:10     | Killed a two-headed ogre
  9073 | D:10     | Noticed a two-headed ogre
  9079 | D:10     | Killed a two-headed ogre
  9121 | D:10     | Killed a brown ugly thing
  9183 | D:10     | Found an ancient bone altar of Kikubaaqudgha.
  9258 | D:10     | Killed a boulder beetle
  9259 | D:10     | Reached skill level 14 in Axes
  9406 | D:11     | Noticed a two-headed ogre
  9409 | D:11     | Reached XP level 12. HP: 108/108 MP: 13/16
  9410 | D:11     | Received a gift from Okawaru
  9415 | D:11     | Killed a two-headed ogre
  9460 | D:11     | Found a staircase to the Orcish Mines.
 10047 | D:11     | Noticed a two-headed ogre
 10051 | D:11     | Killed a two-headed ogre
 10946 | D:12     | Received a gift from Okawaru
 10950 | D:12     | Reached skill level 15 in Axes
 10962 | D:12     | Found Pezxoaff's Jewellery Shop.
 11105 | D:12     | Noticed Nergalle
 11118 | D:12     | Killed Nergalle
 11183 | D:12     | Found a transporter.
 11187 | D:12     | Noticed bmj180's ghost (journeyman MfIE)
 11227 | D:12     | Found a transporter.
 11469 | Arena    | Entered the Arena
 11483 | Arena    | Killed bmj180's ghost
 11513 | D:12     | Gained mutation: You are vulnerable to heat. (rF-) [a
                  | neqoxec]
 11515 | D:12     | Lost mutation: You are vulnerable to heat. (rF-) [potion of
                  | mutation]
 11515 | D:12     | Gained mutation: [You are weak. (Str -2)] [potion of
                  | mutation]
 11515 | D:12     | Gained mutation: [Your magical capacity is low. (-10% MP)]
                  | [potion of mutation]
 11515 | D:12     | Gained mutation: [Potions are less effective at restoring
                  | your health.] [potion of mutation]
 11515 | D:12     | Gained mutation: You are agile. (Dex +4, Str/Int -1)
                  | [potion of mutation]
 11516 | D:12     | Lost mutation: [You are weak. (Str -2)] [potion of
                  | mutation]
 11516 | D:12     | Lost mutation: [Your magical capacity is low. (-10% MP)]
                  | [potion of mutation]
 11516 | D:12     | Gained mutation: [You occasionally lose the ability to
                  | drink potions when taking damage.] [potion of mutation]
 11516 | D:12     | Lost mutation: [Potions are less effective at restoring
                  | your health.] [potion of mutation]
 11516 | D:12     | Lost mutation: [You occasionally lose the ability to drink
                  | potions when taking damage.] [potion of mutation]
 11519 | D:12     | Got the ring of Irothred {rElec rF++ Int+6 Dex+4}
 11726 | Lair:1   | Entered Level 1 of the Lair of Beasts
 12101 | Lair:1   | Got the Tome of Cloudy Sidekicks
 12109 | Lair:1   | Identified the +8 war axe "Killer Klown's Death" {spect,
                  | rF+ rC+ Str-3}
 12173 | Lair:1   | Received a gift from Okawaru
 12185 | Lair:1   | Reached XP level 13. HP: 117/117 MP: 18/18
 12580 | Lair:2   | Found a hole to the Spider Nest.
 13085 | Lair:2   | Reached skill level 16 in Axes
 13692 | Lair:2   | Found a staircase to the Shoals.
 14785 | Lair:3   | Noticed Rupert
 14809 | Lair:3   | Killed Rupert
 14860 | Lair:3   | Received a gift from Okawaru
 14975 | Lair:3   | Noticed Nessos
 14979 | Lair:3   | Noticed Sonja
 15055 | Arena    | Entered the Arena
 15066 | Arena    | Killed Nessos
 15144 | Abyss:1  | Cast into level 1 of the Abyss (Sonja)
 15268 | Abyss:1  | Noticed a bone dragon
 15297 | Abyss:1  | Slain by a bone dragon

Illustrated notes

Levels and vault maps discovered:
D:1:      dpeg_arrival_pits, layout_rooms
D:2:      layout_basic
D:3:      minmay_recursive_quarters, layout_loops_cross, fedhas_altar_3,
          nicolae_overflow_ecumenical_swirl
D:4:      layout_basic, old_standard_altar, amcnicky_altar_gilded
D:5:      layout_layer_cave, mainiacjoe_overflow_tiny_flanked,
          minmay_temple_entry_hall, minmay_starry_boxes, uniq_duvessa,
          uniq_eustachio
D:6:      layout_rooms, gammafunk_temple_overflow_arena, lemuel_crystal_altar,
          grunt_temple_overflow_open, nicolae_shop_self_help
D:7:      layout_basic, lemuel_crystal_altar, minmay_misc_feat_pillars,
          minmay_ruffians
D:8:      layout_basic
D:9:      layout_roguey, lightli_temple_of_fire, serial_shops, shop,
          kennysheep_mini, shop, hangedman_decor_peaks_small,
          minmay_joined_circles
D:10:     layout_basic, nicolae_kikubaaqudgha_miasma_corner, erik_lair_dragon,
          minmay_bent, uniq_erica, uniq_harold, uniq_grum
D:11:     layout_small_grid, erik_orc_3
D:12:     layout_basic, gammafunk_ghost_stat_death, serial_shops,
          nicolae_shop_crystal, uniq_nergalle
Temple:   nicolae_temple_two_arcs
Lair:1:   lemuel_slime, layout_regular_city, minmay_hedge_maze
Lair:2:   layout_layer_cave, elwin_shoals_entry_rooms, dummy_spider_entry
Lair:3:   layout_cave_pods, beast_lair_carwin_11, infiniplex_staircase_pool_2,
          uniq_amaemon, uniq_nessos, uniq_rupert, uniq_sonja
Abyss:1:  base:
Temple

Skill      XL: |  1  2  3  4  5  6  7  8  9 10 11 12 13 |
---------------+----------------------------------------+-----
Axes           | 3 4 5 6 7 9 10 12 14 15 16 | 16.6
Fighting       | 4 5 6 7 8 9 10 11 12 | 12.4
Armour         | 4 5 6 7 8 9 10 11 12 | 12.4
Shields        | 4 5 6 7 8 9 10 11 12 | 12.1
Invocations    | 2 4 5 6 8 |  8.7

Action                     |  1- 3 |  4- 6 |  7- 9 | 10-12 | 13-15 || total
---------------------------+-------+-------+-------+-------+-------++-------
  Melee: War axe           |    77 |    93 |   160 |   303 |       ||   633
         Headbutt          |     9 |     9 |    26 |   103 |    50 ||   197
         Flail             |       |       |       |    19 |       ||    19
         Broad axe         |       |       |       |   121 |   231 ||   352
 Invoke: Heroism           |       |       |       |    10 |     5 ||    15
         Finesse           |       |       |       |     4 |     1 ||     5
         Duel              |       |       |       |     1 |     1 ||     2
    Use: Scroll            |       |    12 |     8 |     7 |     2 ||    29
         Potion            |       |       |       |     6 |       ||     6
   Stab: Distracted        |       |       |     1 |     3 |       ||     4
 Armour: Scale mail        |    24 |       |       |       |       ||    24
         Chain mail        |     4 |    71 |   103 |    86 |       ||   264
         Plate armour      |       |       |       |    75 |   140 ||   215
  Dodge: Dodged            |    30 |    64 |   105 |   161 |    51 ||   411
  Block: Buckler           |    19 |    30 |    48 |    17 |       ||   114
         Kite shield       |       |       |       |   186 |   168 ||   354

Table legend: (Time is in decaauts)
 A = Elapsed time spent in this place.
 B = Non-inter-level travel time spent in this place.
 C = Inter-level travel time spent in this place.
 D = Time resting spent in this place.
 E = Time spent auto-exploring this place.
 F = Levels seen in this place.
 G = Mean time per level.
                   A        B        C        D        E       F      G
               +--------+--------+--------+--------+--------+-----+--------+
         Total |  15315 |  14637 |    678 |   1095 |  11018 |  19 |  806.1 |
       Dungeon |  11644 |  11019 |    625 |    540 |   8549 |  12 |  970.3 |
        Temple |    116 |    110 |      6 |      0 |    106 |   1 |  116.0 |
          Lair |   3371 |   3324 |     47 |    555 |   2261 |   3 | 1123.7 |
         Abyss |    147 |    147 |      0 |      0 |    102 |   1 |  147.0 |
         Arena |     34 |     34 |      0 |      0 |      0 |   2 |   17.0 |
               +--------+--------+--------+--------+--------+-----+--------+

Top non-repeatable levels by time:
    D:10: 2099 daAuts
  Lair:2: 1632 daAuts
     D:5: 1449 daAuts
    D:12: 1189 daAuts
     D:9: 1175 daAuts
  Lair:1: 1072 daAuts
     D:4: 933 daAuts
    D:11: 900 daAuts
     D:7: 886 daAuts
     D:3: 865 daAuts
     D:2: 668 daAuts
  Lair:3: 667 daAuts
     D:6: 606 daAuts
     D:8: 455 daAuts
     D:1: 415 daAuts
